 Dungeon Crawl Stone Soup version 0.17-a0-737-gf0a300a (webtiles) character file.

242 Ngotmuk the Skirmisher (level 6, -7/57 HPs)
             Began as a Naga Fighter on Apr 21, 2015.
             Mangled by lightmor's ghost (10 damage)
             ... on level 3 of the Dungeon.
             The game lasted 00:04:55 (1854 turns).

Ngotmuk the Skirmisher (Naga Fighter)               Turns: 1854, Time: 00:04:55

Health: -7/57      AC:  7    Str: 21    XL:     6   Next: 9%
Magic:  6/6        EV:  5    Int:  8    God:
Gold:   139        SH:  9    Dex: 10    Spells: 0 memorised, 5 levels left

rFire  . . .     SeeInvis +     a - +0 long sword
rCold  . . .     Clarity  .     b - +0 scale mail
rNeg   . . .     SustAb   .     c - +0 shield
rPois  +         Gourm    .     (no helmet)
rElec  .         Spirit   .     k - +0 cloak
rCorr  .         Warding  .     (no gloves)
rMut   .         Stasis   .     (no barding)
MR     .....                    (no amulet)
Stlth  ..........               (no ring)
                                p - ring of loudness (curse)

@: about to teleport, very slow, not resistant to hostile enchantments,
extremely unstealthy
A: see invisible, deformed body, poison resistance, slowness 2, slow metabolism
1, spit poison 2, AC +2
a: Spit Poison


You were on level 3 of the Dungeon.
You were not hungry.

You visited 1 branch of the dungeon, and saw 3 of its levels.

You collected 139 gold pieces.

Inventory:

Hand weapons
 a - a +0 long sword (weapon)
Armour
 b - a +0 scale mail (worn)
 c - a +0 shield (worn)
 k - a +0 cloak (worn)
Jewellery
 p - a cursed ring of loudness (left hand)
Scrolls
 f - 2 scrolls of amnesia {unknown}
 g - 2 scrolls of identify {unknown}
 i - a scroll of blinking {unknown}
 m - a scroll of fog {unknown}
 n - a scroll of remove curse {unknown}
 o - a scroll of recharging {unknown}
Potions
 d - a potion of might
 e - a potion of poison {unknown}
 l - 2 potions of curing {unknown}
Comestibles
 h - 4 fruits
 j - 2 meat rations


   Skills:
 + Level 4.2 Fighting
 + Level 3.6 Long Blades
 + Level 3.4 Armour
 + Level 3.2 Shields


You had 5 spell levels left.
You didn't know any spells.

Dungeon Overview and Level Annotations

Branches:
Dungeon (3/15)

Altars:
Fedhas

Annotations:
D:3 lightmor's ghost, average TrMo


Innate Abilities, Weirdness & Mutations

You cannot wear boots.
Your serpentine skin is tough (AC +2).
You have supernaturally acute eyesight.
Armour fits poorly on your strangely shaped body.
Your system is resistant to poisons.
You cover ground very slowly.
You have a slow metabolism.
You can spit poison.


Message History

Lightmor's ghost assumes a wrestling stance.
Lightmor's ghost hits you!
* * * LOW HITPOINT WARNING * * *
You block lightmor's ghost's attack. Lightmor's ghost hits you!
* * * LOW HITPOINT WARNING * * *
What do you say? t - Shout!
Orders for allies: a - Attack new target. r - Retreat! s - Stop attacking. w - Wait here. f - Follow me.
Anything else - Stay silent.
Retreat in which direction?
Press: ? - help, Dir - move target cursor, f - you
Okay, then.
Read which item? (? for menu, Esc to quit)
As you read the scroll labeled LYFEUP XYTZU, it crumbles to dust.
You feel strangely unstable.
It was a scroll of teleportation.
Lightmor's ghost hits you!
You die...

+.............#.#....#......
.###.#########.#.#.####.#.#..
.....................>.......
####..##.###.#<#.#.####.#.###
#†.##.......#.#...
#..#......#.#.#####
#..##.#####.#.#
#...........#.#
#..##.#######@#
#...........W.#
##..#.######### ##.#....#
#.#.##.# . #.#.#..# ###.###
#.#.#......##.....## .
#.#.#..##..#.......#..#
#...#..# ..#.......#.#


You could see lightmor's ghost.

Vanquished Creatures
  Sigmund (D:2)
  3 adders
  An ooze (D:2)
  A worm (D:2)
  3 giant geckos
  2 ball pythons
  A giant cockroach (D:1)
  5 hobgoblins
  3 jackals (D:1)
  6 kobolds
  9 bats
  A giant newt (D:3)
  5 goblins
  5 rats
46 creatures vanquished.

Notes
Turn   | Place    | Note
--------------------------------------------------------------
     0 | D:1      | Ngotmuk, the Naga Fighter, began the quest for the Orb.
     0 | D:1      | Reached XP level 1. HP: 21/21 MP: 1/1
   218 | D:1      | Reached XP level 2. HP: 22/28 MP: 2/2
   713 | D:1      | Reached XP level 3. HP: 34/34 MP: 3/3
  1094 | D:2      | Noticed Sigmund
  1101 | D:2      | Reached XP level 4. HP: 34/42 MP: 4/4
  1266 | D:2      | Killed Sigmund
  1266 | D:2      | Reached skill level 4 in Fighting
  1266 | D:2      | Reached XP level 5. HP: 17/50 MP: 5/5
  1266 | D:2      | Reached XP level 6. HP: 19/57 MP: 6/6
  1726 | D:3      | Found a blossoming altar of Fedhas.
  1732 | D:3      | Noticed lightmor's ghost (average TrMo)
  1852 | D:3      | HP: 2/57 [lightmor's ghost (12)]
  1854 | D:3      | Mangled by lightmor's ghost

Action                   |  1- 3 |  4- 6 || total
-------------------------+-------+-------++-------
Melee: Long sword        |   118 |    70 ||   188
  Use: Scroll            |       |     1 ||     1
  Eat: Bread ration      |       |     1 ||     1
